 Dungeon Crawl Stone Soup version 0.10.4 character file.

366 FogeTM the Poker (level 5, -3/41 HPs)
             Began as a Human Fighter on Apr 2, 2021.
             Was an Initiate of Ashenzari.
             Slain by Blork the orc
             ... wielding a cursed +0,+0 orcish scimitar
              (10 damage)
             ... on Level 4 of the Dungeon.
             The game lasted 00:23:50 (3460 turns).

FogeTM the Poker (Human Fighter)                    Turns: 3460, Time: 00:23:50

HP  -3/41        AC  6     Str 17      XL: 5   Next: 83%
MP   4/4         EV  5     Int  9      God: Ashenzari [......]
Gold 193         SH 18     Dex 12      Spells:  0 memorised,  4 levels left

Res.Fire  : . . .   See Invis. : .   h - +1,+3 orc dagger (pain) (curse)
Res.Cold  : . . .   Warding    : . . b - +0 scale mail
Life Prot.: . . .   Conserve   : .   c - +0 shield (curse)
Res.Acid. : . . .   Res.Corr.  : .   (no helmet)
Res.Poison: .       Clarity    : .   (no cloak)
Res.Elec. : .       Spirit.Shd : .   (no gloves)
Sust.Abil.: . .     Stasis     : .   (no boots)
Res.Mut.  : .       Ctrl.Telep.: .   (no amulet)
Res.Rott. : .       Levitation : .   (no ring)
Saprovore : . . .   Ctrl.Flight: .   (no ring)

@: slightly resistant to hostile enchantments, extremely unstealthy
A: no striking features
a: Renounce Religion


You were on level 4 of the Dungeon.
You worshipped Ashenzari.
Ashenzari was pleased with you.
You were not hungry.

You visited 1 branch of the dungeon, and saw 4 of its levels.

You collected 173 gold pieces.

Inventory:

Hand weapons
 h - a cursed +1,+3 orcish dagger of pain (weapon)
Missiles
 g - 36 +0 darts (quivered)
 q - 2 -2 throwing nets
Armour
 b - a +0 scale mail (worn)
 c - a cursed +0 shield (worn)
Magical devices
 i - a wand of confusion (0)
Comestibles
 a - 4 chunks of orc flesh
 d - 2 bread rations
 f - a meat ration
Potions
 l - 2 potions of heal wounds
 r - a potion of agility {unknown}


   Skills:
 + Level 3.0 Fighting
 + Level 5.9 Polearms
 - Level 3.0 Armour
 - Level 3.0 Shields


You had 4 spell levels left.
You didn't know any spells.

Dungeon Overview and Level Annotations

Branches:
Dungeon (4/27)
 Temple: D:4-7

Altars:
Ashenzari
Nemelex Xobeh
Sif Muna
The Shining One

Annotations
D:1 Ijyb
D:4 Blork the orc


Message History

Found a scroll labeled DANWIP IBISM {tried on cursed +0 shield}.
Wield which item (- for none, * to show all)? (? for menu, Esc to quit)
Okay, then.
Read which item? (? for menu, Esc to quit)
As you read the scroll of curse weapon, it crumbles to dust.
Your uncursed orcish dagger of pain glows black for a moment.
Your weapon hand is bound.
You are moderately bound.
Blork the orc comes into view.
He is wielding an orcish scimitar.
Blork the orc shouts!
Press: ? - help, v - describe, . - travel
Here: Blork the orc, wielding an orcish scimitar and wearing an orcish robe A floor.
Blork the orc gestures wildly while chanting.
Blork the orc seems to speed up.
You block Blork the orc's attack.
You see here a scroll labeled DANWIP IBISM {tried on cursed +0 shield}.
Your shield and scale mail prevent you from hitting Blork the orc.
You block Blork the orc's attack.
Blork the orc hits you with an orcish scimitar!
You die...

#.##....# #.##....#
#.##....# #.##....#
#.##....# #.##.)[)#
#.##.)..#
#.#######.##..).#
#...o@..........#
#########.#####<######
#.# #......# #.#
#......# #.# #......#
#.# #....... #.#
#......# #.# #......#
#.# #......#


You could see Blork the orc.

Vanquished Creatures
  2 orc wizards (D:4)
  Terence (D:3)
  4 adders
  2 worms (D:2)
  3 giant geckos
  2 oozes
  2 orcs (D:4)
  11 bats
  4 giant cockroaches
  7 goblins
  7 hobgoblins
  2 ball pythons
  6 giant newts (D:1)
  6 kobolds
  A quokka (D:2)
  10 rats
  A toadstool (D:1)
71 creatures vanquished.

Vanquished Creatures (others)
  A goblin (D:2)
  A toadstool (D:2)
2 creatures vanquished.

Grand Total: 73 creatures vanquished

Notes
Turn   | Place    | Note
--------------------------------------------------------------
     0 | D:1      | FogeTM, the Human Fighter, began the quest for the Orb.
     0 | D:1      | Reached XP level 1. HP: 18/18 MP: 0/0
   128 | D:1      | Reached XP level 2. HP: 20/24 MP: 1/1
   537 | D:1      | Reached XP level 3. HP: 26/30 MP: 2/2
   956 | D:2      | Noticed Ijyb
  1475 | D:2      | Reached skill level 4 in Polearms
  1527 | D:2      | Found a shattered altar of Ashenzari.
  1561 | D:2      | Became a worshipper of Ashenzari the Shackled
  1598 | D:2      | Reached XP level 4. HP: 18/36 MP: 3/3
  2415 | D:3      | Noticed Terence
  2445 | D:3      | Killed Terence
  2445 | D:3      | Reached skill level 5 in Polearms
  2490 | D:3      | Found a glowing golden altar of the Shining One.
  2534 | D:3      | Found a sparkling altar of Nemelex Xobeh.
  2651 | D:3      | Reached XP level 5. HP: 41/41 MP: 4/4
  3049 | D:2      | Found a deep blue altar of Sif Muna.
  3419 | D:4      | HP: 2/41 [it/magic dart (4)]
  3455 | D:4      | Noticed Blork the orc
  3460 | D:4      | Slain by Blork the orc
